[Event "FIDE WYCC Girls U14 2023"]
[Site "Montesilvano"]
[Date "2023.11.22"]
[Round "9.24"]
[White "Yu, Avery"]
[Black "Petergova, Stella"]
[Result "1/2-1/2"]
[ECO "B36"]
[WhiteElo "1861"]
[BlackElo "1191"]
[Annotator "NA RC"]
[PlyCount "118"]
[EventDate "2023.11.13"]
[EventType "swiss"]
[EventCountry "ITA"]
[SourceTitle "playchess.com"]
[Source "ChessBase"]
[SourceQuality "1"]
[TimeControl "40/5400+30:1800+30"]

1. e4 c5 2. Nf3 Nc6 3. d4 cxd4 4. Nxd4 g6 5. c4 Nf6 6. Nc3 d6 7. f3 Nxd4 8. Qxd4 Bg7 9. Be3 O-O 10. Qd2 Be6 11. Be2 Rc8 12. b3 b5 13. Nxb5 Nxe4 14. fxe4 Bxa1 15. O-O Bg7 16. Nxa7 Ra8 17. a4 Bd7 18. Bf3 Qc7 19. Qf2 Be5 20. Bb6 Qb7 21. a5 Rxa7 22. Bxa7 Qxb3 23. c5 Qb4 24. cxd6 Bxd6 25. Bb6 Rb8 26. Kh1 Be6 27. e5 Bxe5 28. Ba7 Rd8 29. a6 Bc4 30. Bc5 Qb5 31. Re1 Bc3 32. Rc1 Qxa6 33. Qc2 Rc8 34. Qxc3 Rxc5 35. Be2 Qa5 36. Qxa5 Rxa5 37. Bxc4 Kg7 38. h3 Rf5 39. Bd3 Rf4 40. Re1 Kf8 41. Kh2 h5 42. Rf1 Rxf1 43. Bxf1 h4 44. Kg1 Kg7 45. Kf2 g5 46. Bd3 Kf6 47. Kf3 Ke5 48. Kg4 f6 49. Ba6 Ke4 50. Bb7+ Ke5 51. Bc8 Ke4 52. Kh5 Kf4 53. Kg6 Kg3 54. Bb7 g4 55. hxg4 Kxg4 56. Bc8+ Kg3 57. Bh3 Kf4 58. Kh5 Kg3 59. Kg6 Kf4 1/2-1/2

[Event "FIDE WYCC Girls U14 2023"]
[Site "Montesilvano"]
[Date "2023.11.22"]
[Round "9.25"]
[White "Wojs, Alicja"]
[Black "Arzur, Maia"]
[Result "1-0"]
[ECO "B91"]
[WhiteElo "1630"]
[BlackElo "1997"]
[Annotator "NA RC"]
[PlyCount "91"]
[EventDate "2023.11.13"]
[EventType "swiss"]
[EventCountry "ITA"]
[SourceTitle "playchess.com"]
[Source "ChessBase"]
[SourceQuality "1"]
[TimeControl "40/5400+30:1800+30"]

1. e4 c5 2. Nf3 d6 3. d4 cxd4 4. Nxd4 Nf6 5. Nc3 a6 6. g3 e5 7. Nde2 Be7 8. Bg2 b5 9. O-O Bb7 10. h3 Nbd7 11. Nd5 Bxd5 12. exd5 O-O 13. Be3 Qc7 14. Qd2 Rfc8 15. Rfc1 Nb6 16. b3 Qb7 17. f4 e4 18. Bxb6 Qxb6+ 19. Qd4 Bd8 20. Kh2 Qxd4 21. Nxd4 Rc3 22. Nf5 Bc7 23. a4 b4 24. a5 Re8 25. Bf1 g6 26. Nd4 Ra8 27. Bc4 Bb8 28. Nc6 Ba7 29. Nxa7 Rxa7 30. Ra4 Nd7 31. Rxb4 f5 32. Kg2 h6 33. h4 Kf7 34. Be2 Nc5 35. Rc4 Rxc4 36. Bxc4 g5 37. Kf2 Kf6 38. hxg5+ hxg5 39. Rh1 gxf4 40. gxf4 Kg7 41. Ke3 Ra8 42. b4 Nd7 43. Be2 Nf6 44. c4 Kf7 45. Kd4 Rb8 46. b5 1-0

[Event "FIDE WYCC Girls U14 2023"]
[Site "Montesilvano"]
[Date "2023.11.22"]
[Round "9.26"]
[White "Zeng, Vera"]
[Black "Toth, Lili"]
[Result "0-1"]
[ECO "E35"]
[WhiteElo "1528"]
[BlackElo "2199"]
[Annotator "RC"]
[PlyCount "110"]
[EventDate "2023.11.13"]
[EventType "swiss"]
[EventCountry "ITA"]
[SourceTitle "playchess.com"]
[Source "ChessBase"]
[SourceQuality "1"]
[TimeControl "40/5400+30:1800+30"]

1. d4 Nf6 2. c4 e6 3. Nc3 Bb4 4. Qc2 d5 5. cxd5 exd5 6. Bg5 h6 7. Bh4 c5 8. dxc5 g5 9. Bg3 Ne4 10. Be5 f6 11. Bxb8 Bxc3+ 12. bxc3 Rxb8 13. e3 Be6 14. Bd3 Nxc5 15. Bg6+ Ke7 16. Ne2 Qa5 17. O-O Qa4 18. Qxa4 Nxa4 19. Bc2 Nxc3 20. Nxc3 Rhc8 21. Nxd5+ Bxd5 22. Bf5 Be6 23. Bxe6 Kxe6 24. Rfc1 b5 25. Rab1 b4 26. Kf1 a5 27. Ke2 h5 28. Rxc8 Rxc8 29. Kd2 h4 30. Rc1 Rxc1 31. Kxc1 Kd5 32. Kc2 Kc4 33. g3 hxg3 34. fxg3 g4 35. Kb2 a4 36. Kc2 b3+ 37. axb3+ axb3+ 38. Kb2 f5 39. Kb1 Kd3 40. Kb2 Kxe3 41. Kxb3 Kf3 42. Kc4 Kg2 43. Kd4 Kxh2 44. Ke5 Kxg3 45. Kxf5 Kf3 46. Ke5 g3 47. Kf5 g2 48. Kf6 g1=Q 49. Ke5 Qc5+ 50. Ke6 Ke4 51. Kd7 Qb6 52. Kc8 Qa7 53. Kd8 Ke5 54. Ke8 Ke6 55. Kf8 Qf7# 0-1

[Event "FIDE WYCC Girls U14 2023"]
[Site "Montesilvano"]
[Date "2023.11.22"]
[Round "9.27"]
[White "Skramstad, Oda Kofoed"]
[Black "Field, Lila Quinn"]
[Result "1-0"]
[ECO "D55"]
[WhiteElo "1801"]
[BlackElo "1616"]
[Annotator "NA RC"]
[PlyCount "111"]
[EventDate "2023.11.13"]
[EventType "swiss"]
[EventCountry "ITA"]
[SourceTitle "playchess.com"]
[Source "ChessBase"]
[SourceQuality "1"]
[TimeControl "40/5400+30:1800+30"]

1. d4 d5 2. c4 e6 3. Nc3 Nf6 4. Bg5 Be7 5. e3 O-O 6. Nf3 a6 7. Rc1 dxc4 8. Bxc4 Nbd7 9. O-O b5 10. Bd3 Bb7 11. Qe2 c5 12. a3 Re8 13. Rfd1 c4 14. Bb1 h6 15. Bh4 Qb6 16. e4 Nf8 17. e5 Nd5 18. Bxe7 Nxe7 19. Ne4 Nd5 20. Nd6 Red8 21. Nxb7 Qxb7 22. g3 Qd7 23. Nd2 Qe7 24. Ne4 Ng6 25. Qg4 Nf8 26. Qf3 f5 27. exf6 Nxf6 28. Nxf6+ Qxf6 29. Qe4 Rd5 30. Rd2 Rad8 31. Rcd1 Qf5 32. Qe3 Qf7 33. Be4 R5d6 34. Bg2 Ng6 35. f4 Ne7 36. Qe5 Qf6 37. Qe4 Nd5 38. Qf3 Ne7 39. Qe4 Nd5 40. Qe5 R6d7 41. Bh3 Qxe5 42. dxe5 Nxf4 43. Bxe6+ Nxe6 44. Rxd7 Rxd7 45. Rxd7 Nc5 46. Rd6 Na4 47. Rxa6 Nxb2 48. Rb6 c3 49. Rxb5 Nd3 50. Rb8+ Kf7 51. Rc8 c2 52. Rxc2 Nxe5 53. a4 Nd3 54. a5 Nb4 55. Rc7+ Ke8 56. Rxg7 1-0

[Event "FIDE WYCC Girls U14 2023"]
[Site "Montesilvano"]
[Date "2023.11.22"]
[Round "9.28"]
[White "Maral Altankhuyag"]
[Black "Montano Vicente, Guadalupe"]
[Result "0-1"]
[ECO "D70"]
[WhiteElo "1398"]
[BlackElo "1794"]
[Annotator "NA RC"]
[PlyCount "106"]
[EventDate "2023.11.13"]
[EventType "swiss"]
[EventCountry "ITA"]
[SourceTitle "playchess.com"]
[Source "ChessBase"]
[SourceQuality "1"]
[TimeControl "40/5400+30:1800+30"]

1. d4 Nf6 2. c4 g6 3. Nf3 Bg7 4. g3 O-O 5. Bg2 d6 6. O-O c6 7. Nc3 Qb6 8. Qc2 d5 9. e4 dxe4 10. Nxe4 Bf5 11. Nxf6+ Bxf6 12. Qe2 Na6 13. c5 Qd8 14. Rd1 Nb4 15. Bh6 Re8 16. Qc4 Nd5 17. Ne5 Be6 18. Qe2 Rc8 19. Ng4 Bxg4 20. Qxg4 e6 21. h4 Bh8 22. Rd3 b6 23. Bg5 f6 24. Bd2 f5 25. Qe2 bxc5 26. dxc5 Qe7 27. Bxd5 exd5 28. Re3 Qd7 29. Re1 Kf7 30. b4 Bd4 31. Rxe8 Rxe8 32. Qa6 Re4 33. a4 Qc7 34. Rxe4 Qxg3+ 35. Kh1 Qf3+ 36. Kh2 Qxf2+ 37. Kh3 fxe4 38. Qb7+ Kg8 39. Qc8+ Qf8 40. Qxf8+ Kxf8 41. Kg4 h5+ 42. Kg5 Kf7 43. b5 e3 44. Ba5 Be5 45. b6 a6 46. b7 d4 47. Bb6 d3 48. Ba5 d2 49. Bxd2 exd2 50. Kh6 d1=Q 51. a5 Qd7 52. Kh7 Kf6+ 53. Kh6 Bf4# 0-1

[Event "FIDE WYCC Girls U14 2023"]
[Site "Montesilvano"]
[Date "2023.11.22"]
[Round "9.29"]
[White "Sun, Wanyao Sarah"]
[Black "Lorenz, Veronika"]
[Result "1-0"]
[ECO "C44"]
[WhiteElo "1593"]
[BlackElo "1791"]
[Annotator "NA RC"]
[PlyCount "87"]
[EventDate "2023.11.13"]
[EventType "swiss"]
[EventCountry "ITA"]
[SourceTitle "playchess.com"]
[Source "ChessBase"]
[SourceQuality "1"]
[TimeControl "40/5400+30:1800+30"]

1. e4 e5 2. Nf3 Nc6 3. d4 exd4 4. Nxd4 Nf6 5. Nc3 Bb4 6. Nxc6 bxc6 7. Bd3 d5 8. exd5 cxd5 9. O-O O-O 10. Bg5 c6 11. Na4 h6 12. Bh4 Be7 13. c3 Bg4 14. f3 Be6 15. Bc2 Nd7 16. Bxe7 Qxe7 17. Re1 Nb6 18. Kh1 Nxa4 19. Bxa4 Rab8 20. Rb1 Qd6 21. Bc2 d4 22. b3 c5 23. cxd4 cxd4 24. f4 Qxf4 25. Qd3 Rfc8 26. Rf1 Qg5 27. Qh7+ Kf8 28. Rbe1 Ke7 29. Qe4 Rb6 30. Bd3 Qc5 31. Qf4 Kd8 32. Re4 Rd6 33. Rd1 Rcc6 34. h3 Kc8 35. Re5 Rd5 36. Be4 Rxe5 37. Bxc6 d3 38. Rc1 Qe3 39. Be4+ Qxc1+ 40. Qxc1+ Kd7 41. Qc6+ Ke7 42. Bxd3 Bd5 43. Qc7+ Kf6 44. Qd6+ 1-0

[Event "FIDE WYCC Girls U14 2023"]
[Site "Montesilvano"]
[Date "2023.11.22"]
[Round "9.30"]
[White "Namala, Dhanvi"]
[Black "Andries, Alexia"]
[Result "1/2-1/2"]
[ECO "B62"]
[WhiteElo "1388"]
[BlackElo "1750"]
[Annotator "NA RC"]
[PlyCount "98"]
[EventDate "2023.11.13"]
[EventType "swiss"]
[EventCountry "ITA"]
[SourceTitle "playchess.com"]
[Source "ChessBase"]
[SourceQuality "1"]
[TimeControl "40/5400+30:1800+30"]

1. e4 c5 2. Nf3 Nc6 3. d4 cxd4 4. Nxd4 Nf6 5. Nc3 d6 6. Bg5 e6 7. Qd3 Be7 8. Nf3 a6 9. O-O-O h6 10. Bxf6 gxf6 11. Kb1 b5 12. h3 Bd7 13. Ne2 Na5 14. Nfd4 Nc4 15. f4 Nb6 16. Qg3 Qc7 17. Qg7 Rf8 18. Qxh6 b4 19. f5 e5 20. Nb3 a5 21. Qc1 a4 22. Nd2 Rc8 23. h4 d5 24. g4 dxe4 25. Nxe4 Nc4 26. Rh3 Rb8 27. Ng1 Na5 28. Rhd3 Bb5 29. R3d2 Bxf1 30. Rxf1 Qc6 31. Re1 Rg8 32. Nf2 Nc4 33. Rd3 Bc5 34. Ngh3 Qb6 35. Re2 Bd4 36. Ne4 Rxg4 37. Rxd4 Qxd4 38. Nxf6+ Ke7 39. Nxg4 Qxg4 40. Qg5+ Qxg5 41. hxg5 Rh8 42. Rh2 Ne3 43. f6+ Kd6 44. Rh1 Rc8 45. Rh2 Ke6 46. Re2 Nd5 47. Kc1 Kf5 48. Nf2 Rc4 49. Nh3 Rh4 1/2-1/2

[Event "FIDE WYCC Girls U14 2023"]
[Site "Montesilvano"]
[Date "2023.11.22"]
[Round "9.31"]
[White "Caku, Kler"]
[Black "Valente, Sofia"]
[Result "1/2-1/2"]
[ECO "B30"]
[WhiteElo "1740"]
[BlackElo "1604"]
[Annotator "NA RC"]
[PlyCount "80"]
[EventDate "2023.11.13"]
[EventType "swiss"]
[EventCountry "ITA"]
[SourceTitle "playchess.com"]
[Source "ChessBase"]
[SourceQuality "1"]
[TimeControl "40/5400+30:1800+30"]

1. e4 c5 2. Nf3 Nc6 3. Bb5 Nf6 4. Bxc6 bxc6 5. Qe2 g6 6. O-O Bg7 7. d3 O-O 8. Nbd2 Qc7 9. Nb3 d6 10. h3 Nd7 11. Nh2 Ba6 12. f4 d5 13. Nd2 c4 14. dxc4 dxc4 15. c3 Rad8 16. e5 Qb6+ 17. Kh1 Nc5 18. Nxc4 Bxc4 19. Qxc4 Nd3 20. Nf3 Nxc1 21. Raxc1 Qxb2 22. Rb1 Qa3 23. Rb7 Rb8 24. Rxb8 Rxb8 25. Ng5 e6 26. Rd1 h6 27. Ne4 Bf8 28. Nf6+ Kg7 29. Qxc6 Qxa2 30. Rd7 Qf2 31. Rd1 Qc2 32. Rg1 Rb1 33. Rxb1 Qxb1+ 34. Kh2 Qc1 35. Qc4 h5 36. f5 Qe1 37. Qd4 h4 38. Ne8+ Kh6 39. Qf4+ g5 40. Qd4 Qg3+ 1/2-1/2

[Event "FIDE WYCC Girls U14 2023"]
[Site "Montesilvano"]
[Date "2023.11.22"]
[Round "9.32"]
[White "Saparya Ghosh"]
[Black "Cutiyog, Jirah Floravie"]
[Result "1-0"]
[ECO "E20"]
[WhiteElo "1659"]
[BlackElo "1305"]
[Annotator "NA RC"]
[PlyCount "113"]
[EventDate "2023.11.13"]
[EventType "swiss"]
[EventCountry "ITA"]
[SourceTitle "playchess.com"]
[Source "ChessBase"]
[SourceQuality "1"]
[TimeControl "40/5400+30:1800+30"]

1. d4 Nf6 2. c4 e6 3. Nc3 Bb4 4. Bd2 d5 5. e3 Bxc3 6. Bxc3 Ne4 7. Rc1 O-O 8. Bd3 f5 9. Ne2 Nd7 10. Nf4 Ndf6 11. Bb4 Re8 12. O-O Bd7 13. Qc2 Bc6 14. Be1 dxc4 15. Bxc4 Nd5 16. Nd3 Nb6 17. Ne5 Ba4 18. b3 Nxc4 19. Qxc4 Bd7 20. Nxd7 Qxd7 21. Qxc7 Qb5 22. f3 Nf6 23. Qc4 Qd5 24. Bh4 Nd7 25. Qxd5 exd5 26. Rc7 Nb6 27. Rxb7 Rxe3 28. Bg3 Re6 29. Be5 Rg6 30. a4 Nc8 31. Rc1 Nd6 32. Rd7 Nf7 33. Rxd5 Nxe5 34. dxe5 Rb8 35. Rc7 Rgb6 36. Rdd7 Rg6 37. Rxa7 h6 38. Rab7 Rc8 39. Rbc7 Rb8 40. Rc3 Rgb6 41. Rdd3 Kf7 42. Kf2 Rb4 43. g3 g5 44. Ke2 Ke6 45. Kd2 Kxe5 46. Rc5+ Ke6 47. Kc2 R8b6 48. a5 R4b5 49. axb6 Rxc5+ 50. Rc3 Rb5 51. Rc6+ Kd5 52. Rxh6 Kd4 53. Rd6+ Ke3 54. Kc3 f4 55. Kc4 Rf5 56. b7 Rf8 57. Kc5 1-0

[Event "FIDE WYCC Girls U14 2023"]
[Site "Montesilvano"]
[Date "2023.11.22"]
[Round "9.33"]
[White "Michalska, Lena"]
[Black "Zagorac, Lara"]
[Result "1/2-1/2"]
[ECO "A38"]
[WhiteElo "1640"]
[BlackElo "1866"]
[Annotator "NA RC"]
[PlyCount "61"]
[EventDate "2023.11.13"]
[EventType "swiss"]
[EventCountry "ITA"]
[SourceTitle "playchess.com"]
[Source "ChessBase"]
[SourceQuality "1"]
[TimeControl "40/5400+30:1800+30"]

1. Nf3 c5 2. c4 Nf6 3. g3 g6 4. Bg2 Bg7 5. O-O O-O 6. d3 Nc6 7. Nc3 d6 8. Bg5 h6 9. Bd2 e5 10. Qc1 Kh7 11. a3 Nd4 12. Nxd4 exd4 13. Nd5 Re8 14. Re1 Rb8 15. b4 b6 16. a4 Bb7 17. Nxf6+ Qxf6 18. a5 Bxg2 19. Kxg2 Re6 20. axb6 axb6 21. Ra6 Qe7 22. Qa3 Rxe2 23. Rxe2 Qxe2 24. Bf4 Be5 25. Ra7 Rf8 26. Re7 cxb4 27. Qxb4 Kg7 28. Qxb6 Qxd3 29. Bxe5+ dxe5 30. Rxe5 Qc3 31. Rd5 1/2-1/2

[Event "FIDE WYCC Girls U14 2023"]
[Site "Montesilvano"]
[Date "2023.11.22"]
[Round "9.34"]
[White "Viti, Greta"]
[Black "Hong, Jueun"]
[Result "1-0"]
[ECO "B53"]
[WhiteElo "1644"]
[BlackElo "1299"]
[Annotator "NA RC"]
[PlyCount "141"]
[EventDate "2023.11.13"]
[EventType "swiss"]
[EventCountry "ITA"]
[SourceTitle "playchess.com"]
[Source "ChessBase"]
[SourceQuality "1"]
[TimeControl "40/5400+30:1800+30"]

1. e4 c5 2. Nf3 d6 3. d4 cxd4 4. Qxd4 a6 5. h3 Nc6 6. Qe3 g6 7. c4 Bg7 8. Be2 Nf6 9. Nc3 O-O 10. O-O Nd7 11. Rb1 a5 12. b3 Nc5 13. Bb2 a4 14. Nd5 e6 15. Bxg7 Kxg7 16. Nf4 axb3 17. axb3 Ra3 18. e5 Na5 19. Nd2 Qc7 20. Qc3 dxe5 21. Qb2 Naxb3 22. Nf3 Ra7 23. Nxe5 Kg8 24. Rbd1 Na4 25. Qxb3 Qxe5 26. Qf3 Nc3 27. Rd2 Nxe2+ 28. Rxe2 Qc5 29. Rc1 Ra3 30. Qe4 b5 31. Rec2 b4 32. Nd3 Qb6 33. c5 Qb5 34. Nxb4 Ra4 35. Rc4 e5 36. Nd5 Qxc5 37. Rxc5 Rxe4 38. Rxc8 Rxc8 39. Rxc8+ Kg7 40. Ne3 f5 41. Rc4 Rxc4 42. Nxc4 Kf6 43. Kf1 e4 44. Ke2 Ke6 45. Ke3 Kd5 46. Nd2 g5 47. g3 Ke5 48. Nc4+ Kd5 49. Na3 Ke5 50. Ke2 f4 51. g4 Kd4 52. Nb5+ Ke5 53. Nc7 Kd6 54. Ne8+ Ke7 55. Ng7 Kf7 56. Nh5 Ke6 57. Kd2 Ke5 58. Kc3 f3 59. Kd2 Ke6 60. Ke3 Ke5 61. Ng3 Kf6 62. Kxe4 Ke6 63. Nf5 Kf6 64. Kxf3 h5 65. Ke4 hxg4 66. hxg4 Kg6 67. Ke5 Kf7 68. Nd6+ Kg6 69. Ke6 Kg7 70. Kf5 Kh6 71. Nf7+ 1-0

[Event "FIDE WYCC Girls U14 2023"]
[Site "Montesilvano"]
[Date "2023.11.22"]
[Round "9.35"]
[White "Kairbekova, Albina"]
[Black "Maklakova, Naomi"]
[Result "0-1"]
[ECO "D02"]
[WhiteElo "1111"]
[BlackElo "1873"]
[Annotator "NA COMBH"]
[PlyCount "110"]
[EventDate "2023.11.13"]
[EventType "swiss"]
[EventCountry "ITA"]
[SourceTitle "playchess.com"]
[Source "ChessBase"]
[SourceQuality "1"]
[TimeControl "40/5400+30:1800+30"]

1. d4 d5 2. Nf3 Nf6 3. b3 Bf5 4. Bb2 e6 5. e3 Bd6 6. Bd3 Bg6 7. O-O Nbd7 8. Ne5 O-O 9. Nd2 c5 10. Bxg6 hxg6 11. Nxd7 Nxd7 12. Nf3 Rc8 13. dxc5 Bxc5 14. Rc1 Nb6 15. Qd2 Qe7 16. Ne5 Rfd8 17. Qc3 d4 18. exd4 Bxd4 19. Qxd4 Rxd4 20. Bxd4 Nd5 21. g3 a6 22. Nd3 Nc3 23. Bxc3 Rxc3 24. Rfe1 Qa3 25. Ne5 Qxa2 26. Rcd1 Qa5 27. Nc4 Qc7 28. Re4 Rxc2 29. Ne5 Rc1 30. Rxc1 Qxc1+ 31. Kg2 Qb2 32. Re3 b5 33. Nf3 a5 34. Rd3 Qf6 35. h4 Qe7 36. Rc3 Qd8 37. Kh2 a4 38. bxa4 bxa4 39. Rc6 Qa8 40. Nd4 e5 41. Nf5 gxf5 42. Rc1 a3 43. h5 a2 44. Ra1 Qa3 45. h6 Qb2 46. h7+ Kxh7 47. Rxa2 Qxa2 48. Kh3 Qxf2 49. g4 fxg4+ 50. Kxg4 e4 51. Kh3 e3 52. Kg4 e2 53. Kh5 e1=Q 54. Kg4 Qeg1+ 55. Kh3 Qfh2# 0-1

[Event "FIDE WYCC Girls U14 2023"]
[Site "Montesilvano"]
[Date "2023.11.23"]
[Round "10.1"]
[White "Nurgaliyeva, Zarina"]
[Black "Jiang, Tianyu"]
[Result "0-1"]
[ECO "B40"]
[WhiteElo "2104"]
[BlackElo "1917"]
[Annotator "NA RC"]
[PlyCount "120"]
[EventDate "2023.11.13"]
[EventType "swiss"]
[EventCountry "ITA"]
[SourceTitle "playchess.com"]
[Source "ChessBase"]
[SourceQuality "1"]
[TimeControl "40/5400+30:1800+30"]

1. e4 c5 2. Nf3 e6 3. g3 Nc6 4. d4 cxd4 5. Nxd4 Bc5 6. Nb3 Bb6 7. Bg2 Nf6 8. O-O O-O 9. c4 d6 10. Bf4 e5 11. Bg5 Be6 12. N1d2 h6 13. Bxf6 Qxf6 14. Kh1 Rac8 15. Nc1 Ba5 16. b3 h5 17. Nf3 Rfd8 18. Rb1 a6 19. a4 g6 20. h3 Qe7 21. Qe2 Rb8 22. Nd3 Bb6 23. Qd2 Kg7 24. Ng5 Bd7 25. f4 f6 26. Nf3 Kh7 27. Nh4 Be8 28. b4 Bf7 29. a5 Bd4 30. b5 Na7 31. Nb4 Bxc4 32. Rfc1 axb5 33. Qd1 Kg7 34. f5 g5 35. Ng6 Qf7 36. Qxh5 Rbc8 37. h4 Be3 38. Rd1 Nc6 39. Nc2 Bc5 40. Bh3 Ne7 41. hxg5 fxg5 42. Kg2 Nxg6 43. Qxg5 Qf6 44. Qxf6+ Kxf6 45. fxg6 Ra8 46. Ra1 Kxg6 47. Ne1 Bd4 48. Rab1 Rxa5 49. Bf5+ Kf6 50. Nf3 Ra2+ 51. Rd2 Rda8 52. Rxa2 Rxa2+ 53. Kh3 Bc5 54. g4 b4 55. g5+ Kg7 56. Rh1 Bg8 57. Kg3 b3 58. g6 b2 59. Ng5 Ra1 60. Rh7+ Bxh7 0-1

[Event "FIDE WYCC Girls U14 2023"]
[Site "Montesilvano"]
[Date "2023.11.23"]
[Round "10.2"]
[White "Goriachkina, Oksana"]
[Black "Mou, Iris"]
[Result "0-1"]
[ECO "A46"]
[WhiteElo "1915"]
[BlackElo "2086"]
[Annotator "NA RC"]
[PlyCount "76"]
[EventDate "2023.11.13"]
[EventType "swiss"]
[EventCountry "ITA"]
[SourceTitle "playchess.com"]
[Source "ChessBase"]
[SourceQuality "1"]
[TimeControl "40/5400+30:1800+30"]

1. d4 Nf6 2. Nf3 e6 3. g3 d5 4. Bg2 b5 5. a4 b4 6. c4 bxc3 7. bxc3 Nbd7 8. c4 c6 9. O-O Ba6 10. Nbd2 Rb8 11. Qc2 Bb4 12. Ba3 Bxa3 13. Rxa3 O-O 14. Qc3 Qe7 15. Rc1 Rfc8 16. Raa1 c5 17. e3 cxd4 18. Qxd4 e5 19. Qh4 Rb4 20. Bh3 dxc4 21. Rc3 Bb7 22. Ng5 h6 23. Nge4 g5 24. Nxf6+ Qxf6 25. Qg4 Nb6 26. Rac1 Rxa4 27. Ne4 Qg6 28. Nd2 Rd8 29. Nxc4 Bc8 30. Qf3 Rxc4 31. Rxc4 Nxc4 32. Bg2 Be6 33. Qc6 Rc8 34. Qb7 Nd6 35. Rxc8+ Bxc8 36. Qb8 a5 37. Bc6 Qe6 38. Qc7 Ne8 0-1

[Event "FIDE WYCC Girls U14 2023"]
[Site "Montesilvano"]
[Date "2023.11.23"]
[Round "10.3"]
[White "Huseynova, Lala"]
[Black "Piddubna, Bozhena"]
[Result "0-1"]
[ECO "C92"]
[WhiteElo "1867"]
[BlackElo "2081"]
[Annotator "NA RC"]
[PlyCount "82"]
[EventDate "2023.11.13"]
[EventType "swiss"]
[EventCountry "ITA"]
[SourceTitle "playchess.com"]
[Source "ChessBase"]
[SourceQuality "1"]
[TimeControl "40/5400+30:1800+30"]

1. e4 e5 2. Nf3 Nc6 3. Bb5 a6 4. Ba4 Nf6 5. O-O Be7 6. Re1 b5 7. Bb3 d6 8. c3 O-O 9. h3 a5 10. d4 Bd7 11. Nbd2 a4 12. Bc2 Re8 13. Nf1 h6 14. Ne3 Bf8 15. Nd5 exd4 16. Nxf6+ Qxf6 17. cxd4 Nb4 18. Bb1 g6 19. a3 Nc6 20. Be3 Bg7 21. Qc1 Rac8 22. Qc3 Nb8 23. e5 dxe5 24. Nxe5 c5 25. Qd2 cxd4 26. Bxd4 Qd6 27. Qf4 Re7 28. Bc3 Rxc3 29. bxc3 Bxe5 30. Qc1 Na6 31. Ba2 Nc5 32. Qxh6 Nb3 33. Rad1 Qf6 34. g3 Qf3 35. Bb1 Bxg3 36. Rf1 Bxf2+ 37. Rxf2 Qxd1+ 38. Rf1 Re1 39. Bd3 Rxf1+ 40. Bxf1 Nd2 41. Qf4 Qxf1+ 0-1

[Event "FIDE WYCC Girls U14 2023"]
[Site "Montesilvano"]
[Date "2023.11.23"]
[Round "10.4"]
[White "Mgeladze, Kesaria"]
[Black "Ciarletta, Iris"]
[Result "1-0"]
[ECO "B90"]
[WhiteElo "2065"]
[BlackElo "1882"]
[Annotator "NA RC"]
[PlyCount "55"]
[EventDate "2023.11.13"]
[EventType "swiss"]
[EventCountry "ITA"]
[SourceTitle "playchess.com"]
[Source "ChessBase"]
[SourceQuality "1"]
[TimeControl "40/5400+30:1800+30"]

1. e4 c5 2. Nf3 d6 3. d4 cxd4 4. Nxd4 Nf6 5. Nc3 a6 6. f3 e5 7. Nb3 Be6 8. Be3 Nbd7 9. g4 h6 10. Qd2 Be7 11. O-O-O b5 12. h4 Nb6 13. Qf2 Nfd7 14. Kb1 Rc8 15. Nd5 Bxd5 16. exd5 Nc4 17. Bc1 Qc7 18. Bd3 Ndb6 19. Bf5 Rb8 20. f4 O-O 21. g5 h5 22. g6 fxg6 23. Bxg6 Na4 24. Qf3 Bf6 25. Qxh5 Rfc8 26. fxe5 dxe5 27. Rhf1 e4 28. Qh7+ 1-0

[Event "FIDE WYCC Girls U14 2023"]
[Site "Montesilvano"]
[Date "2023.11.23"]
[Round "10.5"]
[White "Lyutsinger, Iren"]
[Black "Tsetskhladze, Mariam"]
[Result "1-0"]
[ECO "B31"]
[WhiteElo "2020"]
[BlackElo "1911"]
[Annotator "NA RC"]
[PlyCount "101"]
[EventDate "2023.11.13"]
[EventType "swiss"]
[EventCountry "ITA"]
[SourceTitle "playchess.com"]
[Source "ChessBase"]
[SourceQuality "1"]
[TimeControl "40/5400+30:1800+30"]

1. e4 c5 2. Nf3 Nc6 3. Bb5 g6 4. Bxc6 dxc6 5. d3 Bg7 6. O-O e5 7. h3 Qe7 8. a3 Nf6 9. b4 O-O 10. Nbd2 Rd8 11. Qe2 Be6 12. Ng5 Bd7 13. Nc4 Nh5 14. Rb1 cxb4 15. axb4 b6 16. Be3 Nf4 17. Bxf4 exf4 18. Nf3 Be6 19. Nfd2 Qc7 20. Nb3 Re8 21. Qf3 Rad8 22. Rfd1 Bc3 23. d4 Bxd4 24. Nxd4 Bxc4 25. c3 Rd7 26. Nc2 Rde7 27. Rd4 Be6 28. Rd2 Bc8 29. Re1 c5 30. bxc5 Qxc5 31. Qxf4 Qxc3 32. Nd4 a6 33. e5 b5 34. h4 h5 35. Nf3 Qc7 36. Qh6 f6 37. Qxg6+ Kf8 38. Qxf6+ Kg8 39. Qg6+ Kf8 40. Rd4 Rf7 41. Ng5 Bf5 42. Qxf7+ Qxf7 43. Nxf7 Kxf7 44. Rd6 Re6 45. Rxe6 Bxe6 46. Ra1 Bc8 47. Rc1 Bd7 48. Rc7 Ke8 49. Ra7 Bc8 50. Ra8 Kd7 51. e6+ 1-0

[Event "FIDE WYCC Girls U14 2023"]
[Site "Montesilvano"]
[Date "2023.11.23"]
[Round "10.6"]
[White "Sachi Jain"]
[Black "Smietanska, Wiktoria"]
[Result "1/2-1/2"]
[ECO "C00"]
[WhiteElo "1743"]
[BlackElo "2009"]
[Annotator "NA RC"]
[PlyCount "103"]
[EventDate "2023.11.13"]
[EventType "swiss"]
[EventCountry "ITA"]
[SourceTitle "playchess.com"]
[Source "ChessBase"]
[SourceQuality "1"]
[TimeControl "40/5400+30:1800+30"]

1. e4 e6 2. d3 d5 3. Nd2 Nc6 4. g3 dxe4 5. Nxe4 e5 6. Bg2 f5 7. Nc3 Nf6 8. a3 Bc5 9. Nge2 a5 10. b3 O-O 11. h3 Be6 12. Bb2 Qd7 13. Qd2 Rad8 14. Rh2 e4 15. Nf4 exd3 16. Nxd3 Qe7 17. Bxc6 bxc6 18. Qe2 Rfe8 19. f4 Bd4 20. O-O-O Bxc3 21. Bxc3 Qxa3+ 22. Bb2 Qf8 23. Ne5 Rxd1+ 24. Qxd1 Qc5 25. Qd4 Qb5 26. Nd3 Qd5 27. Nc5 Qf3 28. Qf2 Qxf2 29. Rxf2 Ne4 30. Nxe4 fxe4 31. g4 a4 32. Re2 Bd5 33. c4 Bf7 34. Be5 axb3 35. Rxe4 Rb8 36. Bc3 Kf8 37. Kb2 Rb7 38. Ka3 c5 39. Kb2 h5 40. gxh5 Bxh5 41. Re5 Bd1 42. Rxc5 Ra7 43. Ra5 Rxa5 44. Bxa5 c6 45. Bc3 g6 46. c5 Kf7 47. Be1 Ke6 48. Bh4 Kd5 49. Be7 Ke4 50. Bg5 Kf5 51. h4 Ke4 52. Kc3 1/2-1/2

[Event "FIDE WYCC Girls U14 2023"]
[Site "Montesilvano"]
[Date "2023.11.23"]
[Round "10.7"]
[White "Avetisyan, Ani"]
[Black "Khulan, Bayarsaikhan"]
[Result "0-1"]
[ECO "A59"]
[WhiteElo "1770"]
[BlackElo "1615"]
[Annotator "NA RC"]
[PlyCount "118"]
[EventDate "2023.11.13"]
[EventType "swiss"]
[EventCountry "ITA"]
[SourceTitle "playchess.com"]
[Source "ChessBase"]
[SourceQuality "1"]
[TimeControl "40/5400+30:1800+30"]

1. d4 Nf6 2. c4 c5 3. d5 b5 4. cxb5 a6 5. bxa6 Bxa6 6. Nc3 g6 7. e4 Bxf1 8. Kxf1 d6 9. g3 Bg7 10. Kg2 O-O 11. Nf3 Nbd7 12. h3 Ra6 13. a4 Qa8 14. Qc2 Rb8 15. Re1 Rb4 16. Ra2 Ne8 17. Bd2 Bxc3 18. Bxc3 Rbxa4 19. Rxa4 Rxa4 20. Qd3 Ndf6 21. Kh2 Qa6 22. Qxa6 Rxa6 23. Nd2 Kf8 24. Nc4 Nd7 25. Kg2 Nc7 26. g4 f6 27. Kg3 Nb5 28. Ba5 Ne5 29. Nxe5 Rxa5 30. Nc4 Ra4 31. Rc1 Nd4 32. Kg2 Rb4 33. Rc3 Kf7 34. f3 Nb5 35. Rc2 Rb3 36. f4 Nd4 37. Rf2 Rb4 38. Ne3 Nb3 39. e5 Nc1 40. exd6 exd6 41. Rd2 Rxf4 42. Rd1 Nb3 43. Rd3 Rb4 44. Rc3 Na5 45. Rc2 Rb3 46. Kf2 Ke7 47. h4 Kd7 48. h5 Nb7 49. Kf3 Nd8 50. hxg6 hxg6 51. Kf2 Nf7 52. Nc4 Ne5 53. Nxe5+ fxe5 54. Rd2 Ke7 55. Kg2 Kf6 56. Rf2+ Kg5 57. Rf7 Rxb2+ 58. Kg3 Rb3+ 59. Kg2 Rd3 0-1